AoeStats
← Pwncakes

Black Forest

507301439Analyzed
2v2 RM · 15d ago on Sep 17, 2026· 28m 18s· 4 players
Game mode
Random Map
Map size
Medium (4 player)
Population
200
Speed
Normal
Resources
Standard
Victory
Conquest
Starting age
Dark Age
Ending age
Imperial Age
RankedLock teamsTeams togetherTeam positionsShared explorationLock speedFull tech treeHidden civsTurbo modeCheats
Victory
Defeat
🇨🇳 Spanish · China
1102
+24
🇨🇳 Armenians · China
1043
+26
🇺🇸 Muisca · United States
1365
-28
🇰🇿 Vietnamese · Kazakhstan
1207
-22
Pwncakes
7:55 Loom
10:16 Feudal Age
10:23 Champi Runner
11:13 Loom
15:36 Fishing Lines
19:43 Castle Age
17:31 Double-Bit Axe
17:53 Horse Collar
19:25 Fletching
19:28 Gold Mining
20:02 Town Watch
20:22 Champi Warrior
21:04 Squires
20:35 Crossbowman
21:49 Bow Saw
23:23 Wheelbarrow
22:57 Bodkin Arrow
23:09 Scale Mail Armor
25:00 Padded Archer Armor
nurlan-c
1:02 Loom
11:53 Feudal Age
14:06 Wheelbarrow
14:02 Fletching
14:46 Padded Archer Armor
22:39 Castle Age
21:38 Gold Mining
21:35 Double-Bit Axe
22:37 Town Watch
22:46 Crossbowman
23:37 Squires
24:37 Bodkin Arrow
76561199026418587
10:05 Feudal Age
17:01 Castle Age
15:02 Double-Bit Axe
15:14 Horse Collar
19:59 Husbandry
22:01 Bloodlines
22:52 Padded Archer Armor
24:03 Leather Archer Armor
不怜吉带
10:58 Feudal Age
11:03 Man-at-Arms
20:24 Double-Bit Axe
20:20 Horse Collar
24:23 Castle Age
24:14 Bloodlines
26:38 Wheelbarrow
27:26 Bow Saw
27:10 Gold Mining
Connection lost

Rejoining the realm…

Still unreachable

The connection could not be restored.

Session expired

The server has moved on; the page needs a fresh start.